[Event "*** Titled Tuesday Blitz"]
[Site "Chess.com"]
[Date "2020.01.07"]
[Round "5"]
[White "2nd_life"]
[Black "davigator"]
[Result "1-0"]
[WhiteElo "2501"]
[BlackElo "2333"]
[TimeControl "180+2"]
[EndTime "14:07:10 PST"]
[Termination "2nd_life won by resignation"]

1. e4 c5 2. Nf3 Nc6 3. d4 cxd4 4. Nxd4 Nf6 5. Nc3 d6 6. f3 e5 7. Nb3 Be7 8. Be3 Be6 9. Nd5 Bxd5 10. exd5 Nb8 11. Qd2 Nbd7 12. Na5 Qc7 13. c4 O-O 14. Be2 e4 15. f4 Nc5 16. b4 Na4 17. O-O Rfe8 18.
Rac1 Nd7 19. Rfd1 Bf6 20. Rc2 g6 21. g4 Rac8 22. g5 Bg7 23. h4 Nb8 24. Bg4 Rcd8 25. f5 Be5 26. fxg6 hxg6 27. Bxa7 b6 28. Bxb8 Rxb8 29.
Nc6 Ra8 30. Rf1 e3 31. Qe2 Bg7 32. Re1 Nc3 33. Qf3 Rxa2 34. Rxa2 Nxa2 35. Rxe3 Qb8 36.
Nxb8 1-0

[Event "*** Titled Tuesday Blitz"]
[Site "Chess.com"]
[Date "2020.01.07"]
[Round "5"]
[White "gena217"]
[Black "GMHess"]
[Result "1-0"]
[WhiteElo "2955"]
[BlackElo "2760"]
[TimeControl "180+2"]
[EndTime "14:07:24 PST"]
[Termination "gena217 won by resignation"]

1. e4 d6 2. d4 Nf6 3. Nc3 c6 4. Nf3 Bg4 5. h3 Bh5 6. g4 Bg6 7. Qe2 e6 8. g5 Nfd7 9. Nh4 e5 10. dxe5 dxe5 11. Bd2 Nc5 12. O-O-O Ne6 13. Be3 Qa5 14. Qg4 Bb4 15. Bc4 Nd8 16. Ne2 O-O 17. Nxg6 hxg6 18. h4 b5 19. Bb3 c5 20. Bd5 c4 21. Kb1 Nbc6 22. h5 Ne7 23. hxg6 Nxg6 24. Qh5 Re8 25.
Qxg6 Ne6 26. Qh5 Kf8 27. g6 1-0

[Event "*** Titled Tuesday Blitz"]
[Site "Chess.com"]
[Date "2020.01.07"]
[Round "5"]
[White "Szczor"]
[Black "JozefKneht"]
[Result "1-0"]
[WhiteElo "2594"]
[BlackElo "2410"]
[TimeControl "180+2"]
[EndTime "14:07:25 PST"]
[Termination "Szczor won by resignation"]

1. e4 e5 2. Nf3 Nc6 3. Bb5 a6 4. Ba4 Nf6 5. O-O Nxe4 6. d4 b5 7. Bb3 d5 8. dxe5 Be6 9. Nbd2 Nc5 10. c3 Be7 11. Bc2 Bg4 12. h3 Bh5 13. Re1 O-O 14. Nb3 Ne6 15. g4 Bg6 16. Nfd4 Ncxd4 17. Nxd4 c5 18. Nf5 Bg5 19. Bxg5 Nxg5 20. h4 Bxf5 21. Bxf5 Nh3+ 22. Kg2 Nf4+ 23. Kg3 Ne6 24. Bc2 d4 25. Qd3 g6 26. cxd4 Nxd4 27. f4 Ra7 28. Rad1 Rd7 29. Qe4 Nxc2 30. Qxc2 c4 31. Rxd7 Qxd7 32. Rd1 Qe7 33. Qe4 Qb4 34. e6 Qxb2 35. e7 Qa3+ 36. Kg2 Qxa2+ 37. Kf1 Re8 38. Rd8 Qa1+ 39. Qe1 1-0

[Event "*** Titled Tuesday Blitz"]
[Site "Chess.com"]
[Date "2020.01.07"]
[Round "5"]
[White "Er_is_geen_hoop_meer"]
[Black "FelixJoseYnojosa"]
[Result "0-1"]
[WhiteElo "2404"]
[BlackElo "2655"]
[TimeControl "180+2"]
[EndTime "14:07:29 PST"]
[Termination "FelixJoseYnojosa won by resignation"]

1. b4 e6 2. Bb2 Nf6 3. a3 a5 4. b5 b6 5. e3 Bb7 6. Nf3 Be7 7. Rg1 h5 8. c4 c5 9. Nc3 d5 10. cxd5 exd5 11. d4 Nbd7 12. dxc5 bxc5 13. Qc2 Nb6 14.
Ne5 d4 15. Rd1 Qc7 16. Nxf7 Kxf7 17. exd4 Qxh2 18. dxc5 Rhe8 19. cxb6 Qxg1 20. Kd2 Qxf2+ 21. Kc1 Qxc2+ 22. Kxc2 Rad8 23. Bc4+ Kf8 24. Rf1 Rd4 25. Kb3 Rd2 26. g3 Red8 27. Ne2 Bd5 28. Nf4 Bxc4+ 29. Kxc4 Rc8+ 30. Kb3 a4+ 31. Kxa4 Rxb2 32. Ng6+ Kf7 33. Ne5+ Kg8 34. Nc6 Bd6 35. b7 Rf8 36. Rd1 Bxg3 37. Rg1 h4 38. Ne7+ Kf7 39. Rxg3 hxg3 40. Nc8 g2 41.
b8=Q g1=Q 42. Qa7+ Qxa7+ 43. Nxa7 Ra8 44. b6 Rxb6 45.
Ka5 Rxa7+ 46. Kxb6 Rxa3 0-1

[Event "*** Titled Tuesday Blitz"]
[Site "Chess.com"]
[Date "2020.01.07"]
[Round "5"]
[White "TwentyHoursADay"]
[Black "chessdjw"]
[Result "0-1"]
[WhiteElo "2413"]
[BlackElo "2651"]
[TimeControl "180+2"]
[EndTime "14:07:31 PST"]
[Termination "chessdjw won by resignation"]

1. c4 e5 2. g3 c6 3. d4 e4 4. d5 cxd5 5. cxd5 Nf6 6. Nc3 Bb4 7. Bg2 O-O 8. Nh3 d6 9. O-O Bxc3 10. bxc3 Na6 11. Be3 Re8 12. Qd4 Nc5 13. Bg5 Re5 14.
f4 exf3 15. Rxf3 Nce4 16. Bxf6 Nxf6 17. Rf2 Bxh3 18. Bxh3 Rxd5 19. Qf4 Qb6 20. Rf1 Re8 21. Kh1 Rde5 22. g4 h6 23. Bg2 Rxe2 24. Rxe2 Rxe2 25. h4 Qb2 26. Rg1 Qxc3 27. g5 hxg5 28. hxg5 Ne4 29. Kh2 Qe5 30. Qxe5 dxe5 31. Rc1 Nxg5 0-1

[Event "*** Titled Tuesday Blitz"]
[Site "Chess.com"]
[Date "2020.01.07"]
[Round "5"]
[White "M1711"]
[Black "Incognito_Knight"]
[Result "0-1"]
[WhiteElo "2547"]
[BlackElo "2755"]
[TimeControl "180+2"]
[EndTime "14:07:33 PST"]
[Termination "Incognito_Knight won by resignation"]

1. d4 d5 2. c4 e6 3. Nc3 a6 4. cxd5 exd5 5. Nf3 Nf6 6. Bg5 Be6 7. e3 Nbd7 8. Bd3 Bd6 9. O-O c6 10. Qc2 Qc7 11.
h3 h6 12. Bxf6 Nxf6 13. Rab1 g5 14. Bf5 Qd7 15. e4 Bxf5 16. exf5 O-O 17. Ne5 Qc7 18.
Rfe1 Rae8 19. Ng4 Nxg4 20. hxg4 Kg7 21. Qd3 Be7 22. Re2 Bf6 23. Rbe1 Rxe2 24. Rxe2 Qf4 25.
Rd2 Qxg4 26. Qe3 Qxf5 27. Ne2 Qb1+ 28. Kh2 Qe4 29. Qxe4 dxe4 30. Ng3 Rd8 31. Nf5+ Kg6 32. Ng3 Rxd4 33. Re2 Be5 34. Kh3 f5 35. Nf1 Rd1 36.
Ng3 g4+ 37. Kh2 h5 38. f4 Bxf4 39. Rf2 Be5 40. Rd2 Rxd2 0-1

[Event "*** Titled Tuesday Blitz"]
[Site "Chess.com"]
[Date "2020.01.07"]
[Round "5"]
[White "Chessmatus"]
[Black "AlexandraBotez"]
[Result "1-0"]
[WhiteElo "2347"]
[BlackElo "2116"]
[TimeControl "180+2"]
[EndTime "14:07:38 PST"]
[Termination "Chessmatus won by resignation"]

1. e4 e6 2. d4 d5 3. e5 c5 4. c3 Nc6 5. Nf3 Nge7 6. Bd3 b6 7. O-O a5 8. Na3 Ba6 9. Bxa6 Rxa6 10.
c4 cxd4 11. Nxd4 Nxd4 12. Qxd4 Nc6 13. Qf4 Bxa3 14. bxa3 dxc4 15. Qxc4 Nb8 16. Qg4 Kf8 17. a4 Nd7 18. Ba3+ Kg8 19. Rfd1 Qe8 20. Qd4 Ra7 21.
Rd2 h6 22. Rad1 Kh7 23. Qe4+ g6 24. Rd6 Qc8 25. h4 Nc5 26. Qf4 Rc7 27. h5 Rg8 28.
Rxb6 Rd8 29. Rbd6 Rg8 30. Bxc5 Rxc5 31. Qxf7+ Kh8 32. Qf6+ Rg7 33. Rd8+ 1-0

[Event "*** Titled Tuesday Blitz"]
[Site "Chess.com"]
[Date "2020.01.07"]
[Round "5"]
[White "Kostina_Nadezhda"]
[Black "dawtonlms"]
[Result "0-1"]
[WhiteElo "2112"]
[BlackElo "2349"]
[TimeControl "180+2"]
[EndTime "14:07:41 PST"]
[Termination "dawtonlms won by checkmate"]

1. e4 e6 2. d4 d5 3. exd5 exd5 4. Bd3 Nc6 5. c3 Bd6 6. h3 Nge7 7. Nf3 Bf5 8. O-O Qd7 9. Re1 O-O-O 10. Bb5 f6 11. Nbd2 g5 12. Nf1 h5 13. Ng3 Bxh3 14. gxh3 Qxh3 15.
Nf1 g4 16. N3h2 Rdg8 17. Re3 g3 18. fxg3 Nf5 19. Rf3 Nxg3 20. Kf2 Ne4+ 21. Ke3 Qe6 22. Kd3 Rg2 23. Be3 Nc5+ 24. dxc5 Qe4# 0-1

[Event "*** Titled Tuesday Blitz"]
[Site "Chess.com"]
[Date "2020.01.07"]
[Round "5"]
[White "MFBerna"]
[Black "PNEPaul"]
[Result "0-1"]
[WhiteElo "2446"]
[BlackElo "1828"]
[TimeControl "180+2"]
[EndTime "14:07:41 PST"]
[Termination "PNEPaul won by resignation"]

1. g3 a6 2. Bg2 d6 3. d4 g6 4. e4 Nd7 5. Ne2 Bg7 6. Nbc3 e6 7. h4 h5 8. Be3 Ne7 9. Qd2 Nf6 10. Bg5 Nh7 11. Be3 Nf6 12. O-O-O Ng4 13. f4 Nxe3 14.
Qxe3 O-O 15. g4 hxg4 16. h5 f5 17. hxg6 Nxg6 18. Ng3 Nh4 19. Rxh4 Qxh4 20. Rh1 Qf6 21. e5 Qg6 22. d5 dxe5 23. dxe6 Bxe6 24. Nd5 exf4 25. Ne7+ Kf7 26. Qc5 Qf6 27. Rh7 Qxb2+ 28. Kd2 Rad8+ 29. Nd5 Bxd5 30. Bxd5+ Kg6 31. Rxg7+ Qxg7 32. Ne2 Qe5 33. c4 c6 34. Qb6 Qe3+ 0-1

[Event "*** Titled Tuesday Blitz"]
[Site "Chess.com"]
[Date "2020.01.07"]
[Round "5"]
[White "GianmarcoVaR"]
[Black "Korchmar_Vasiliy"]
[Result "0-1"]
[WhiteElo "2584"]
[BlackElo "2797"]
[TimeControl "180+2"]
[EndTime "14:07:44 PST"]
[Termination "Korchmar_Vasiliy won by checkmate"]

1. Nf3 d5 2. c4 d4 3. e3 Nc6 4.
exd4 Nxd4 5. Nxd4 Qxd4 6. Be2 g6 7. O-O Bg7 8. d3 Nh6 9. Nc3 c6 10. Be3 Qd8 11. g4 f5 12. h3 O-O 13. Qd2 Nf7 14.
d4 e5 15. dxe5 Qxd2 16. Bxd2 fxg4 17. hxg4 Nxe5 18. f3 Be6 19. b3 Rad8 20. Rad1 h5 21. gxh5 gxh5 22. Ne4 b6 23. Kh2 Bf5 24. Bg5 Rxd1 25.
Rxd1 Bxe4 26. f4 Nf3+ 27. Kg3 Nxg5 28. fxg5 Bg6 29. Kg2 c5 30. Bf3 Bd4 31. Re1 Re8 32. Rh1 Re5 33. Kg3 Rxg5+ 34. Kh4 Bf6 35. Kh3 Bf5+ 36. Kh2 Be5# 0-1

[Event "*** Titled Tuesday Blitz"]
[Site "Chess.com"]
[Date "2020.01.07"]
[Round "5"]
[White "Moon_stone123"]
[Black "stoleriu"]
[Result "0-1"]
[WhiteElo "2100"]
[BlackElo "2551"]
[TimeControl "180+2"]
[EndTime "14:07:45 PST"]
[Termination "stoleriu won by resignation"]

1. e4 e6 2. d4 d5 3. Nd2 Be7 4. Ngf3 Nf6 5. e5 Nfd7 6. Bd3 c5 7. c3 Nc6 8. O-O g5 9. dxc5 g4 10. Nd4 Ndxe5 11. Bb5 Bd7 12. b4 h5 13. f4 Nxd4 14. Bxd7+ Nxd7 15. cxd4 f5 16. Qe2 Kf7 17. Nb3 Bf6 18. Bb2 Rc8 19. Rfc1 Qc7 20. Qe3 Bg7 21. Re1 Rhe8 22. Nc1 Nf6 23. Nd3 Ne4 24.
Rec1 Qd7 25. a4 a6 26. Ne5+ Bxe5 27. dxe5 Rc7 28. Bd4 Rec8 29. Rab1 Qxa4 30. Qd3 Kg6 31. Be3 a5 32. bxa5 Nxc5 33. Bxc5 Rxc5 34. Rxc5 Rxc5 35. Rxb7 Rc1+ 36. Kf2 Qxf4+ 37. Ke2 Qf1+ 38. Ke3 Re1+ 39. Kd4 Rd1 0-1

[Event "*** Titled Tuesday Blitz"]
[Site "Chess.com"]
[Date "2020.01.07"]
[Round "5"]
[White "Simon2049"]
[Black "allvim"]
[Result "0-1"]
[WhiteElo "2101"]
[BlackElo "2362"]
[TimeControl "180+2"]
[EndTime "14:07:48 PST"]
[Termination "allvim won by resignation"]

1. Nf3 Nf6 2. c4 g6 3. Nc3 Bg7 4. d4 d5 5. h4 h5 6. Bg5 c6 7. e3 Bg4 8. cxd5 cxd5 9. Be2 Qb6 10.
Qb3 Qxb3 11. axb3 Nbd7 12. Nb5 O-O 13. Nxa7 Rfc8 14. Bd3 Rxa7 15. Rxa7 Rc1+ 16. Ke2 Rxh1 17. Rxb7 Rc1 18. Kd2 Rc8 19. Ne5 Nxe5 20. dxe5 Ne4+ 21. Bxe4 dxe4 22. Rxe7 Be6 23. b4 Bxe5 24. b5 Rb8 25. f4 exf3 26. gxf3 Rxb5 27. f4 Bxb2 28. e4 Rb8 29. e5 Ba3 30. Ra7 Bf8 31. Bf6 Bg7 32.
Bg5 Rb2+ 33. Ke3 Rc2 34. Kd4 Bf8 35. Kd3 Rc8 36. Ke4 Bf5+ 37. Ke3 Rc3+ 38. Kd2 Rd3+ 39. Ke2 Rd7 40. Ra6 Be7 41. Ra8+ Kh7 42. Ra7 Rxa7 43. Bh6 0-1

[Event "*** Titled Tuesday Blitz"]
[Site "Chess.com"]
[Date "2020.01.07"]
[Round "5"]
[White "Naruto-K"]
[Black "Chessalary"]
[Result "1-0"]
[WhiteElo "2497"]
[BlackElo "2082"]
[TimeControl "180+2"]
[EndTime "14:07:56 PST"]
[Termination "Naruto-K won by resignation"]

1. d4 d5 2. Nf3 Nf6 3. g3 c6 4.
Bg2 e6 5. O-O Be7 6. c4 O-O 7.
Qc2 b6 8. Nbd2 Bb7 9. e4 dxe4 10. Nxe4 Nbd7 11. Rd1 Nxe4 12. Qxe4 Nf6 13. Qe2 Rc8 14. Bf4 Bd6 15. Ne5 Bxe5 16. dxe5 Nd7 17. Rd6 Qe7 18. Rad1 Rfd8 19. Qd2 Rc7 20. Bg5 f6 21. exf6 gxf6 22. Bf4 e5 23. Be3 Kf7 24. Bh3 Bc8 25. Re6 Qf8 26.
Rd6 Qe7 27. Bh6 e4 28. Be6+ Ke8 29. Bg8 Bb7 30. Re6 Qxe6 31. Bxe6 Bc8 32. Qd6 1-0

[Event "*** Titled Tuesday Blitz"]
[Site "Chess.com"]
[Date "2020.01.07"]
[Round "5"]
[White "chessbia"]
[Black "Chimpinha"]
[Result "0-1"]
[WhiteElo "2188"]
[BlackElo "2388"]
[TimeControl "180+2"]
[EndTime "14:08:02 PST"]
[Termination "Chimpinha won by resignation"]

1. Nf3 Nf6 2. e3 g6 3. c4 Bg7 4. Nc3 d6 5. b3 O-O 6. Bb2 e5 7.
h4 c6 8. Be2 Re8 9. d3 d5 10. h5 Nxh5 11. Rxh5 gxh5 12. cxd5 cxd5 13. e4 dxe4 14. Nxe4 Nc6 15. Nfg5 f5 16. Bxh5 fxe4 17. Bxe8 Qxe8 18. dxe4 Be6 19. Qd6 Bf7 20. Qc7 Qe7 21.
Qxe7 Nxe7 22. Nxf7 Kxf7 23. Rc1 Rc8 24. Rxc8 Nxc8 25.
Ke2 Ke6 26. f4 Nd6 27. Kf3 Bf6 28. f5+ Kd7 29. g4 Nb5 30. Bc1 Nd4+ 31. Kf2 Bh4+ 32.
Kg2 Ne2 33. Bd2 Nf4+ 34. Bxf4 exf4 35. Kf3 Bg5 36. e5 Ke7 37. Ke4 Kd7 38. Kf3 Kc6 39.
Ke4 h6 40. a3 b6 41. Kd4 f3 42. Kd3 Kd5 43. e6 Ke5 0-1

[Event "*** Titled Tuesday Blitz"]
[Site "Chess.com"]
[Date "2020.01.07"]
[Round "5"]
[White "Valk4"]
[Black "Philosopherrr"]
[Result "0-1"]
[WhiteElo "2283"]
[BlackElo "2455"]
[TimeControl "180+2"]
[EndTime "14:08:03 PST"]
[Termination "Philosopherrr won by resignation"]

1. e4 e5 2. Nf3 Nc6 3. Bc4 Bc5 4.
c3 Nf6 5. d3 O-O 6. O-O d6 7.
Bb3 h6 8. Re1 Kh8 9. d4 Bb6 10. h3 a6 11. Na3 Qe7 12. Nc4 Ba7 13.
dxe5 Nxe5 14. Ncxe5 dxe5 15. Be3 Bxe3 16. Rxe3 Bd7 17.
Nh4 Rad8 18. Qf3 Ng4 19. Nf5 Bxf5 20. hxg4 Bc8 21. Qg3 Qg5 22. Bd1 Qf4 23. Qxf4 exf4 24. Re1 Rd2 25. Rb1 Be6 26. Bb3 Bxg4 27. f3 Be6 28. Bxe6 fxe6 29. e5 Rfd8 30. Re4 g5 31. Rc4 c6 32. a4 Rd1+ 33. Rxd1 Rxd1+ 34. Kh2 Rd2 35. Rb4 b5 36. axb5 axb5 37. c4 Rd4 38. b3 Kg7 39. Kg1 Kg6 40. Kf2 Kf5 41. g4+ fxg3+ 42.
Kxg3 h5 43. c5 h4+ 44. Kf2 Rxb4 0-1

[Event "*** Titled Tuesday Blitz"]
[Site "Chess.com"]
[Date "2020.01.07"]
[Round "5"]
[White "Squirlolz"]
[Black "Quiet_Desperation"]
[Result "1-0"]
[WhiteElo "2646"]
[BlackElo "2376"]
[TimeControl "180+2"]
[EndTime "14:08:07 PST"]
[Termination "Squirlolz won by resignation"]

1. Nc3 Nf6 2. d4 e6 3. Bf4 d5 4. e3 Bb4 5. Ne2 O-O 6. a3 Bd6 7. g3 a6 8. Bg2 Be7 9. e4 dxe4 10. Nxe4 Nxe4 11. Bxe4 Nd7 12. O-O Bd6 13. Qd3 f5 14. Bg2 Qe7 15. Rfe1 Nf6 16. Qb3 Qf7 17. Bxd6 cxd6 18.
Nf4 Re8 19. Nd3 Rb8 20. Qb6 Qf8 21. Qc7 Bd7 22. Bxb7 Re7 23. Bg2 Rf7 24. Qa5 Ne4 25. Bxe4 fxe4 26. Rxe4 Bc6 27. Rxe6 Rb5 28. Qxa6 Bf3 29.
Qxb5 Re7 1-0

[Event "*** Titled Tuesday Blitz"]
[Site "Chess.com"]
[Date "2020.01.07"]
[Round "5"]
[White "maciek_92"]
[Black "GadimbayliA"]
[Result "1-0"]
[WhiteElo "2816"]
[BlackElo "2953"]
[TimeControl "180+2"]
[EndTime "14:08:08 PST"]
[Termination "maciek_92 won by checkmate"]

1. e4 e5 2. Nf3 d5 3. exd5 e4 4.
Qe2 Nf6 5. Nc3 Be7 6. Nxe4 O-O 7. d3 Nxd5 8. Bd2 f5 9. Nc3 Nxc3 10. Bxc3 Re8 11. Ne5 Nc6 12. f4 Nd4 13. Bxd4 Qxd4 14. c3 Qxf4 15. g3 Qh6 16. Bg2 Bd6 17. d4 Bxe5 18. dxe5 Be6 19. O-O Rad8 20. Rad1 Rxd1 21. Rxd1 Bxa2 22. c4 b5 23. cxb5 Qb6+ 24. Kh1 Bb3 25.
Rd7 Qc5 26. Bc6 Rxe5 27. Rd8+ Kf7 28. Qh5+ Kf6 29. Qh4+ Kg6 30. Kg2 Bd5+ 31. Rxd5 Rxd5 32. Be8# 1-0

[Event "*** Titled Tuesday Blitz"]
[Site "Chess.com"]
[Date "2020.01.07"]
[Round "5"]
[White "Zavgorodniy_Serg"]
[Black "BeanScreen"]
[Result "1-0"]
[WhiteElo "2605"]
[BlackElo "2401"]
[TimeControl "180+2"]
[EndTime "14:08:08 PST"]
[Termination "Zavgorodniy_Serg won by checkmate"]

1. e4 e5 2. Nf3 Nc6 3. Be2 Nf6 4. d3 d5 5. exd5 Qxd5 6. O-O Bf5 7. Nc3 Qd7 8. a3 Bd6 9. Re1 O-O 10. Bg5 e4 11. dxe4 Nxe4 12. Nxe4 Bxe4 13. Bb5 Rfe8 14. Bf4 Bxc2 15. Qxc2 Bxf4 16. g3 Bd6 17. Ng5 g6 18. Bc4 Ne5 19. Rxe5 Bxe5 20. Bxf7+ Kg7 21. Bxe8 Rxe8 22.
Re1 Bd6 23. Qc3+ Kg8 24. Qc4+ Kh8 25. Qd4+ Kg8 26. Qd5+ Kg7 27. Ne6+ Kf6 28. Qd4+ Kf7 29. Qg7# 1-0

[Event "*** Titled Tuesday Blitz"]
[Site "Chess.com"]
[Date "2020.01.07"]
[Round "5"]
[White "Roenko_Artur"]
[Black "luis-garcia"]
[Result "0-1"]
[WhiteElo "2256"]
[BlackElo "2147"]
[TimeControl "180+2"]
[EndTime "14:08:09 PST"]
[Termination "luis-garcia won by resignation"]

1. e4 c5 2. d4 cxd4 3. c3 dxc3 4. Nxc3 e6 5. Nf3 a6 6. Bc4 b5 7. Bb3 Bb7 8. Qe2 Bc5 9. O-O Ne7 10. Rd1 O-O 11. Ne5 d6 12. Nd3 Ba7 13. Bg5 Qc7 14. Rac1 Nbc6 15. a4 Nd4 16. Qh5 Nxb3 17. Nd5 Nxd5 18.
Rxc7 Nxc7 19. Be7 Rfc8 20. Bxd6 g6 21. Qe5 Ne8 22. Bb4 Bd4 23. Qg3 bxa4 24. h4 Bxe4 25. h5 Bxd3 26. Qxd3 Rc1 27. Rxc1 Nxc1 28. Qe4 Rb8 29.
Bd2 Nf6 30. Qf4 Ne2+ 0-1

[Event "*** Titled Tuesday Blitz"]
[Site "Chess.com"]
[Date "2020.01.07"]
[Round "5"]
[White "Gabrielian_Artur"]
[Black "ExploringChess"]
[Result "0-1"]
[WhiteElo "2785"]
[BlackElo "2601"]
[TimeControl "180+2"]
[EndTime "14:08:11 PST"]
[Termination "ExploringChess won by resignation"]

1. e4 e6 2. d3 d5 3. Qe2 dxe4 4. dxe4 e5 5. Nf3 Nc6 6. c3 a5 7. Nbd2 Bc5 8. Nb3 Bb6 9. Bg5 Nf6 10. Rd1 Qe7 11.
Qc2 O-O 12. Bb5 a4 13. Nbd2 Qc5 14. O-O Qxb5 15. Bxf6 gxf6 16. Nb1 Ne7 17. Qd2 Ng6 18. Qh6 Re8 19. h4 Bc5 20. h5 Bf8 21. Qe3 Nf4 22. Nh4 Bh6 23. Na3 Ne2+ 24. Kh1 Bxe3 25. Nxb5 Bb6 26. g3 Be6 27. Na3 Bc5 28. Nc2 a3 29. b4 Bb6 30. Rd3 Bxa2 31. Nf5 Bc4 32.
Rf3 Nd4 33. cxd4 Bxf1 34. Nxa3 Bxd4 35. Nh6+ Kf8 36. Nc2 Be2 37. Rxf6 Kg7 0-1

[Event "*** Titled Tuesday Blitz"]
[Site "Chess.com"]
[Date "2020.01.07"]
[Round "5"]
[White "MikeSailer"]
[Black "Gahan-MG"]
[Result "0-1"]
[WhiteElo "2115"]
[BlackElo "2502"]
[TimeControl "180+2"]
[EndTime "14:08:12 PST"]
[Termination "Gahan-MG won by resignation"]

1. b4 e5 2. Bb2 Bxb4 3. Bxe5 Nf6 4. Nf3 Nc6 5. Bb2 O-O 6. e3 Re8 7. Be2 d5 8. O-O a5 9. c4 a4 10. a3 Bd6 11. d4 dxc4 12. Bxc4 Ne4 13. Nbd2 Nxd2 14.
Qxd2 Bg4 15. Be2 Na5 16. Rad1 Qe7 17. Qc3 Nb3 18. h3 Bf5 19. Bd3 Bxd3 20. Qxd3 Bxa3 21. Bxa3 Qxa3 22. Ne5 Qe7 23. Qb5 c6 24. Qc4 Qe6 25.
Qb4 b5 26. f4 a3 27. f5 Qd5 28. f6 a2 29. e4 Qe6 30. Ra1 Nxa1 31. Rxa1 Qxf6 32.
Ng4 Qe7 33. Qb3 Qxe4 34. Rxa2 Qxd4+ 35. Kh2 Rxa2 36. Qxa2 Qf4+ 37. g3 Qc4 0-1

[Event "*** Titled Tuesday Blitz"]
[Site "Chess.com"]
[Date "2020.01.07"]
[Round "5"]
[White "j2806"]
[Black "LarissaSteenbekkers"]
[Result "1/2-1/2"]
[WhiteElo "1853"]
[BlackElo "1712"]
[TimeControl "180+2"]
[EndTime "14:08:13 PST"]
[Termination "Game drawn by agreement"]

1. e4 e6 2. d4 d5 3. exd5 exd5 4. c4 Bb4+ 5. Bd2 Nc6 6. Bxb4 Nxb4 7. a3 Nc6 8. c5 Nf6 9. Nf3 O-O 10. Be2 b6 11. b4 Ne4 12. O-O Bg4 13. Qd3 Qf6 14. Rd1 Rfe8 15. Nbd2 Bf5 16. Qb3 Nxd4 17. Nxd4 Qxd4 18.
Nxe4 Qxe4 19. Bf3 Qc2 20. Qxd5 Be6 21. Qd2 Qxd2 22. Rxd2 Rab8 23. cxb6 axb6 24. Rad1 g6 25. Kf1 c5 26. bxc5 bxc5 27. Bd5 Bxd5 28. Rxd5 Rb5 29.
Rc1 Ra8 30. Rdxc5 Rxc5 31. Rxc5 Rxa3 1/2-1/2

[Event "*** Titled Tuesday Blitz"]
[Site "Chess.com"]
[Date "2020.01.07"]
[Round "5"]
[White "Ar4uha"]
[Black "MITerryble"]
[Result "1/2-1/2"]
[WhiteElo "2609"]
[BlackElo "2913"]
[TimeControl "180+2"]
[EndTime "14:08:14 PST"]
[Termination "Game drawn by repetition"]

1. e4 e6 2. c4 d5 3. exd5 exd5 4. cxd5 Nf6 5. Bb5+ Nbd7 6. Nc3 Be7 7. d4 O-O 8. Nf3 Nb6 9. O-O Nbxd5 10. Re1 c6 11.
Bd3 Bb4 12. Bd2 Bg4 13. h3 Bh5 14. g4 Bg6 15. Bxg6 hxg6 16. Ne5 Bd6 17. Qb3 Qb6 18. g5 Qxd4 19. Nf3 Qb6 20. gxf6 Nxf6 21. Qxb6 axb6 22. a3 b5 23. Ne4 Nxe4 24. Rxe4 Rfd8 25. Bc3 f6 26.
Rae1 Kf7 27. Kg2 Rd7 28. Nd4 Be5 29. Ne2 Bc7 30. Nc1 g5 31. Nb3 Bb6 32. Bd4 f5 33. Bxb6 fxe4 34. Rxe4 Kg6 35. Be3 Rf8 36. Nc5 Rdf7 37.
Ne6 Re8 38. Nxg5 Rxe4 39. Nxe4 Re7 40. Kf3 Kf5 41. Ng3+ Ke5 42. Ke2 Kd5 43. Kd3 c5 44.
Nf5 Rf7 45. Nh4 b6 46. Ng6 Rd7 47. Nf4+ Ke5+ 48. Ke2 Ke4 49. Bd2 Re7 50. f3+ Kd4+ 51. Kf2 Kc4 52. Ng6 Re6 53. Nf4 Re7 54. Ng6 Re6 55. Nf4 Re7 1/2-1/2

[Event "*** Titled Tuesday Blitz"]
[Site "Chess.com"]
[Date "2020.01.07"]
[Round "5"]
[White "Irishchessman16"]
[Black "lupta_robin"]
[Result "0-1"]
[WhiteElo "2214"]
[BlackElo "2526"]
[TimeControl "180+2"]
[EndTime "14:08:14 PST"]
[Termination "lupta_robin won by resignation"]

1. d4 g6 2. c4 Nf6 3. Nc3 d5 4. Nf3 Bg7 5. h4 dxc4 6. e4 c5 7. d5 b5 8. h5 Nxh5 9. Nxb5 O-O 10. Bxc4 Bg4 11. Rh4 Bxf3 12. Qxf3 Nd7 13. g4 Ne5 14. Qe2 e6 15. Rh1 Nxc4 16. Qxc4 exd5 17. Qxd5 Qa5+ 18.
Nc3 Bxc3+ 19. bxc3 Qxc3+ 20. Qd2 Qxa1 21. gxh5 Rad8 22.
Qe3 Rfe8 23. hxg6 hxg6 24. Ke2 Qd4 25. Qxd4 Rxd4 26. Bb2 Rdxe4+ 27. Kf3 f6 28. Bxf6 Ra4 29. Kg3 Rxa2 30. f4 c4 31. Be5 c3 32. Kg4 c2 33.
Kg5 Kf7 34. Rh8 Rxh8 0-1

[Event "*** Titled Tuesday Blitz"]
[Site "Chess.com"]
[Date "2020.01.07"]
[Round "5"]
[White "Gogolev_Artemy"]
[Black "kleinebeer98"]
[Result "1-0"]
[WhiteElo "2473"]
[BlackElo "2660"]
[TimeControl "180+2"]
[EndTime "14:08:17 PST"]
[Termination "Gogolev_Artemy won by resignation"]

1. d4 Nf6 2. c4 e6 3. g3 d5 4. Bg2 Bb4+ 5. Nd2 O-O 6. Nf3 dxc4 7. O-O Nc6 8. Nxc4 Rb8 9. Bg5 h6 10. Bxf6 Qxf6 11. e3 Rd8 12. Qc2 Bd6 13. Rfd1 Bd7 14. Rac1 Be8 15. a3 e5 16. dxe5 Nxe5 17. Nfxe5 Bxe5 18. Nxe5 Qxe5 19. Rxd8 Rxd8 20. Bxb7 c6 21. b4 a5 22.
Bxc6 Bxc6 23. Qxc6 axb4 24. axb4 Qb2 25. Qc7 Re8 26. Qc3 Qe2 27. Rb1 Qb5 28. Qc5 Qd3 29.
Rc1 Rb8 30. Qc4 Qd2 31. Rb1 Ra8 32. b5 Ra2 33. Qc8+ Kh7 34. Qf5+ Kg8 35. b6 g6 36.
Qf6 Qc2 37. Ra1 Rxa1+ 38. Qxa1 Qb3 39. Qa8+ Kh7 40. Qc6 Qd1+ 41. Kg2 Qc2 42. Qxc2 1-0

[Event "*** Titled Tuesday Blitz"]
[Site "Chess.com"]
[Date "2020.01.07"]
[Round "5"]
[White "JMatias"]
[Black "Sanan_Sjugirov"]
[Result "1-0"]
[WhiteElo "2442"]
[BlackElo "2912"]
[TimeControl "180+2"]
[EndTime "14:08:19 PST"]
[Termination "JMatias won on time"]

1. e4 e6 2. d4 d5 3. exd5 exd5 4. Qe2+ Be7 5. Nf3 Nf6 6. h3 O-O 7. Nc3 Bb4 8. Be3 Ne4 9. Qd3 c5 10. dxc5 Bf5 11. Nd4 Bg6 12. Qb5 Na6 13. Ne2 Rc8 14. O-O-O Bxc5 15. Bxc5 Naxc5 16. Rxd5 Qf6 17. f3 a6 18. Qb4 Nf2 19. Rg1 Ne6 20. Kb1 b5 21. Nc1 Nf4 22. Rd4 1-0

[Event "*** Titled Tuesday Blitz"]
[Site "Chess.com"]
[Date "2020.01.07"]
[Round "5"]
[White "Marty435"]
[Black "szefru"]
[Result "1-0"]
[WhiteElo "2359"]
[BlackElo "2130"]
[TimeControl "180+2"]
[EndTime "14:08:29 PST"]
[Termination "Marty435 won by checkmate"]

1. b3 b6 2. Bb2 Bb7 3. e3 Nf6 4. Nf3 d5 5. c4 Nbd7 6. cxd5 Nxd5 7. Be2 e6 8. O-O N7f6 9. d3 Be7 10. a3 O-O 11. Nbd2 Bc5 12. Re1 Ng4 13. d4 Bd6 14. Bf1 Ndf6 15. h3 Nh6 16. e4 Bf4 17. Qc2 Rc8 18. Rad1 Qe7 19. Bd3 g6 20. Nf1 c5 21.
d5 exd5 22. exd5 Qd6 23. Qc3 Kg7 24. g3 Bxd5 25. N3h2 Bxg3 26. Nxg3 c4 27. bxc4 Be6 28.
Qxf6+ Kg8 29. Qg7# 1-0

[Event "*** Titled Tuesday Blitz"]
[Site "Chess.com"]
[Date "2020.01.07"]
[Round "5"]
[White "novocane"]
[Black "FearlessKing64"]
[Result "0-1"]
[WhiteElo "2176"]
[BlackElo "2284"]
[TimeControl "180+2"]
[EndTime "14:08:29 PST"]
[Termination "FearlessKing64 won by resignation"]

1. d4 Nf6 2. c4 g6 3. Nc3 d5 4.
cxd5 Nxd5 5. e4 Nxc3 6. bxc3 Bg7 7.
Qa4+ Qd7 8. Qa3 O-O 9. Nf3 b6 10. Bd3 c5 11. Be3 cxd4 12. cxd4 Nc6 13. Bb5 a6 14. Rc1 axb5 15. Qxa8 Bb7 16. Qa3 Ra8 17.
Qb2 Na5 18. Nd2 Nc4 19. Nxc4 bxc4 20. Rxc4 Bxe4 21. f3 Bd3 22. Rc3 Ba6 23. Kf2 e5 24. Rb3 exd4 25. Bf4 d3 26. Qd2 Bc4 27. Rb2 Bxb2 28.
Qxb2 Rxa2 0-1